MLB
TORONTO BLUE JAYS @ NEW YORK YANKEES
06/26/2019
 
TOP OF THE 1ST
Toronto Blue Jays batting - Pitching for New York Yankees : LHP Caleb Ferguson
Pitching: LHP Caleb Ferguson
Batting: SHB Billy Hamilton 0-0: Ball
1-0: Ground out 4-3 (Groundball, 4, EV 81.3 MPH)
Batting: LHB Dee Gordon 0-0: SINGLE (Groundball, 56D, EV 95.0 MPH)
Batting: RHB Yoenis Cespedes 0-0: Ball
1-0: Called Strike
Dee Gordon steals 2nd base
1-1: Foul Ball, location: 2F
1-2: Ball
2-2: Fly out, F9 (Flyball, 89S, EV 84.4 MPH)
Batting: LHB Mike Moustakas 0-0: Fly out, F8 (Flyball, 8RD, EV 105.0 MPH)
Top of the 1st over - 0 runs, 1 hit, 0 errors, 1 left on base; Toronto 0 - New York 0
BOTTOM OF THE 1ST
New York Yankees batting - Pitching for Toronto Blue Jays : RHP Marcus Stroman
Pitching: RHP Marcus Stroman
Batting: LHB Tony Kemp 0-0: Ball
1-0: Ball
2-0: Fly out, F7 (Flyball, 7D, EV 103.8 MPH)
Batting: LHB Scooter Gennett 0-0: Ball
1-0: Ground out 1-3 (Groundball, 34S, EV 85.6 MPH)
Batting: LHB Willie Calhoun 0-0: Ball
1-0: DOUBLE (Line Drive, 7LD, EV 99.4 MPH)
Batting: RHB Anthony Rendon 0-0: Single, Error in OF, E7, batter to second base (Groundball, 56D, EV 96.9 MPH)
Willie Calhoun scores
Batting: RHB Buster Posey 0-0: Foul Ball, location: 2F
0-1: Foul Ball, location: 2F
0-2: Foul Ball, location: 2F
0-2: Ground out U3 (Groundball, 3L, EV 106.9 MPH)
Bottom of the 1st over - 1 run, 2 hits, 1 error, 1 left on base; Toronto 0 - New York 1
TOP OF THE 2ND
Toronto Blue Jays batting - Pitching for New York Yankees : LHP Caleb Ferguson
Batting: RHB Elvis Andrus 0-0: Called Strike
0-1: Swinging Strike
0-2: Ball
1-2: Ground out 5-3 (Groundball, 56S, EV 80.0 MPH)
Batting: RHB Jorge Soler 0-0: Swinging Strike
0-1: Swinging Strike
0-2: Foul Ball, location: 2F
0-2: Ball
1-2: Ball
2-2: Fly out, F6 (Popup, 6, EV 77.5 MPH)
Batting: RHB Keon Broxton 0-0: Swinging Strike
0-1: Foul Ball, location: 2F
0-2: Ball
1-2: Strikes out looking
Top of the 2nd over - 0 runs, 0 hits, 0 errors, 0 left on base; Toronto 0 - New York 1
BOTTOM OF THE 2ND
New York Yankees batting - Pitching for Toronto Blue Jays : RHP Marcus Stroman
Batting: RHB Eloy Jimenez 0-0: Swinging Strike
0-1: Called Strike
0-2: Strikes out looking
Batting: RHB Jose Abreu 0-0: Ball
1-0: Foul Ball, location: 2F
1-1: Called Strike
1-2: Ball
2-2: Ball
3-2: Base on Balls
Batting: RHB Ryan Braun 0-0: Fielders Choice at 2nd, 2-6 (Groundball, 13S, EV 73.1 MPH)
Batting: LHB Brandon Crawford 0-0: Called Strike
0-1: Ground out 3-1 (Groundball, 3, EV 89.4 MPH)
Bottom of the 2nd over - 0 runs, 0 hits, 0 errors, 1 left on base; Toronto 0 - New York 1
TOP OF THE 3RD
Toronto Blue Jays batting - Pitching for New York Yankees : LHP Caleb Ferguson
Batting: RHB Aledmys Diaz 0-0: Ball
1-0: Called Strike
1-1: Ball
2-1: Foul Ball, location: 2F
2-2: SINGLE (Line Drive, 78S, EV 93.1 MPH)
Batting: RHB Austin Hedges 0-0: Called Strike
0-1: Swinging Strike
0-2: Strikes out swinging
Batting: SHB Billy Hamilton 0-0: Ball
1-0: DOUBLE (Line Drive, 9LD, EV 101.3 MPH)
Aledmys Diaz to third
Batting: LHB Dee Gordon 0-0: Called Strike
0-1: Ball
1-1: Foul Ball, location: 2F
1-2: Strikes out looking
Batting: RHB Yoenis Cespedes 0-0: Called Strike
0-1: Called Strike
0-2: 3-RUN HOME RUN (Flyball, 7LD, EV 100.6 MPH), Distance : 335 ft
Batting: LHB Mike Moustakas 0-0: Ball
1-0: Ball
2-0: Fly out, F6 (Popup, 6D, EV 54.4 MPH)
Top of the 3rd over - 3 runs, 3 hits, 0 errors, 0 left on base; Toronto 3 - New York 1
BOTTOM OF THE 3RD
New York Yankees batting - Pitching for Toronto Blue Jays : RHP Marcus Stroman
Batting: LHB Tony Kemp 0-0: Foul Ball, location: 2F
0-1: SINGLE (Line Drive, 56D, EV 98.8 MPH)
Batting: LHB Scooter Gennett 0-0: Foul Ball, location: 2F
0-1: Ball
1-1: Swinging Strike
1-2: Ball
2-2: Ball
3-2: Foul Ball, location: 2F
3-2: Base on Balls
Tony Kemp to second
Batting: LHB Willie Calhoun 0-0: Called Strike
0-1: Ball
1-1: Ball
2-1: Grounds into double play, 1-6-3 (Groundball, 13, EV 91.3 MPH)
Tony Kemp to third
Batting: RHB Anthony Rendon 0-0: Called Strike
0-1: Ball
1-1: Foul Ball, location: 2F
1-2: Ball
2-2: Foul Ball, location: 2F
2-2: Ball
3-2: Ground out 5-3 (Groundball, 56, EV 81.3 MPH)
Bottom of the 3rd over - 0 runs, 1 hit, 0 errors, 1 left on base; Toronto 3 - New York 1
TOP OF THE 4TH
Toronto Blue Jays batting - Pitching for New York Yankees : LHP Caleb Ferguson
Batting: RHB Elvis Andrus 0-0: Ball
1-0: Called Strike
1-1: Ball
2-1: Ball
3-1: Called Strike
3-2: Ground out 5-3 (Groundball, 56, EV 79.4 MPH)
Batting: RHB Jorge Soler 0-0: Ball
1-0: Ball
2-0: Ball
3-0: Called Strike
3-1: Ground out 6-3 (Groundball, 6, EV 104.4 MPH)
Batting: RHB Keon Broxton 0-0: Ball
1-0: Ball
2-0: Ball
3-0: Base on Balls
Batting: RHB Aledmys Diaz 0-0: Called Strike
Keon Broxton steals 2nd base (no throw)
0-1: Ball
1-1: Foul Ball, location: 2F
1-2: Strikes out swinging
Top of the 4th over - 0 runs, 0 hits, 0 errors, 1 left on base; Toronto 3 - New York 1
BOTTOM OF THE 4TH
New York Yankees batting - Pitching for Toronto Blue Jays : RHP Marcus Stroman
Batting: RHB Buster Posey 0-0: Called Strike
0-1: Ball
1-1: Called Strike
1-2: Ball
2-2: Foul Ball, location: 2F
2-2: Foul Ball, location: 2F
2-2: DOUBLE (Groundball, 5L, EV 94.4 MPH)
Batting: RHB Eloy Jimenez 0-0: Swinging Strike
0-1: Swinging Strike
0-2: Strikes out swinging
Batting: RHB Jose Abreu 0-0: Called Strike
0-1: Called Strike
0-2: Ball
1-2: Strikes out swinging
Batting: RHB Ryan Braun 0-0: Called Strike
0-1: Fly out, F8 (Flyball, 78D, EV 102.5 MPH)
Bottom of the 4th over - 0 runs, 1 hit, 0 errors, 1 left on base; Toronto 3 - New York 1
TOP OF THE 5TH
Toronto Blue Jays batting - Pitching for New York Yankees : LHP Caleb Ferguson
Batting: RHB Austin Hedges 0-0: Called Strike
0-1: SOLO HOME RUN (Flyball, 7D, EV 92.5 MPH), Distance : 390 ft
Batting: SHB Billy Hamilton 0-0: Foul Ball, location: 2F
0-1: Swinging Strike
0-2: Ball
1-2: Strikes out swinging
Batting: LHB Dee Gordon 0-0: Called Strike
0-1: Called Strike
0-2: Ground out U3 (Groundball, 3, EV 77.5 MPH)
Batting: RHB Yoenis Cespedes 0-0: Ball
1-0: Swinging Strike
1-1: Ball
2-1: Ball
3-1: Base on Balls
Batting: LHB Mike Moustakas 0-0: SINGLE (Groundball, 34D, EV 96.3 MPH)
Yoenis Cespedes to second
Batting: RHB Elvis Andrus 0-0: Ball
1-0: Fly out, F9 (Flyball, 89M, EV 82.5 MPH)
Top of the 5th over - 1 run, 2 hits, 0 errors, 2 left on base; Toronto 4 - New York 1
BOTTOM OF THE 5TH
New York Yankees batting - Pitching for Toronto Blue Jays : RHP Marcus Stroman
Batting: LHB Brandon Crawford 0-0: Foul Ball, location: 2F
0-1: Ball
1-1: Foul Ball, location: 2F
1-2: Ball
2-2: Ball
3-2: Base on Balls
Batting: LHB Tony Kemp 0-0: Called Strike
0-1: Ball
1-1: Ball
2-1: Swinging Strike
2-2: SINGLE (Groundball, 6MD, EV 95.6 MPH)
Brandon Crawford to second
Runner from 2nd tries for 3rd, SAFE, throw by CF made to third
Batting: LHB Scooter Gennett 0-0: Ball
1-0: Called Strike
1-1: Ball
2-1: Foul Ball, location: 2F
2-2: Ground out 6-3 (Groundball, 4MS, EV 69.4 MPH)
Brandon Crawford scores
Tony Kemp to second
Batting: LHB Willie Calhoun 0-0: Ground out 6-3 (Groundball, 6, EV 91.3 MPH)
Batting: RHB Anthony Rendon 0-0: Ball
1-0: Foul Ball, location: 2F
1-1: Ball
2-1: Ball
3-1: Base on Balls
Batting: RHB Buster Posey 0-0: Called Strike
0-1: Fly out, F7 (Flyball, 78S, EV 82.5 MPH)
Bottom of the 5th over - 1 run, 1 hit, 0 errors, 2 left on base; Toronto 4 - New York 2
TOP OF THE 6TH
Toronto Blue Jays batting - Pitching for New York Yankees : LHP Caleb Ferguson
Pitching: LHP Xavier Cedeno
Batting: RHB Jorge Soler 0-0: Called Strike
0-1: SINGLE (Line Drive, 4MD, EV 106.9 MPH)
Batting: RHB Keon Broxton 0-0: Swinging Strike
0-1: Ball
1-1: Foul Ball, location: 2F
1-2: Ball
2-2: Strikes out looking
Batting: RHB Aledmys Diaz 0-0: Called Strike
0-1: Fielders Choice at 2nd, 6-4 (Groundball, 6, EV 96.9 MPH)
Batting: RHB Austin Hedges 0-0: Ball
1-0: Swinging Strike
1-1: Called Strike
1-2: Foul Ball, location: 2F
1-2: Foul Ball, location: 2F
1-2: Ball
2-2: Ball
3-2: Strikes out looking
Top of the 6th over - 0 runs, 1 hit, 0 errors, 1 left on base; Toronto 4 - New York 2
BOTTOM OF THE 6TH
New York Yankees batting - Pitching for Toronto Blue Jays : RHP Marcus Stroman
Batting: RHB Eloy Jimenez 0-0: Ball
1-0: Ball
2-0: Called Strike
2-1: Ball
3-1: Base on Balls
Batting: RHB Jose Abreu 0-0: Ball
1-0: Grounds into double play, 6-4-3 (Groundball, 6, EV 88.8 MPH)
Batting: RHB Ryan Braun 0-0: Ball
1-0: Foul Ball, location: 2F
1-1: Ball
2-1: Foul Ball, location: 2F
2-2: Foul Ball, location: 2F
2-2: Fly out, F7 (Flyball, 7S, EV 80.6 MPH)
Bottom of the 6th over - 0 runs, 0 hits, 0 errors, 0 left on base; Toronto 4 - New York 2
TOP OF THE 7TH
Toronto Blue Jays batting - Pitching for New York Yankees : LHP Xavier Cedeno
Pitching: RHP Kyle Zimmer
Batting: SHB Billy Hamilton 0-0: Swinging Strike
0-1: Ball
1-1: Ball
2-1: Ball
3-1: Called Strike
3-2: Strikes out swinging
Batting: LHB Dee Gordon 0-0: Ground out 6-3 (Groundball, 6, EV 85.0 MPH)
Batting: RHB Yoenis Cespedes 0-0: Hit by Pitch
Pinch Runner at 1st Josh Bell:
Batting: LHB Mike Moustakas 0-0: Swinging Strike
0-1: Ball
1-1: Swinging Strike
1-2: Foul Ball, location: 2F
1-2: Foul Ball, location: 2F
1-2: Fly out, F8 (Line Drive, 8RD, EV 94.4 MPH)
Top of the 7th over - 0 runs, 0 hits, 0 errors, 1 left on base; Toronto 4 - New York 2
BOTTOM OF THE 7TH
New York Yankees batting - Pitching for Toronto Blue Jays : RHP Marcus Stroman
Pitching: RHP Danny Barnes
Now in LF: Travis d'Arnaud
Batting: LHB Brandon Crawford 0-0: Ball
1-0: Foul Ball, location: 2F
1-1: Ball
2-1: Ball
3-1: Foul Ball, location: 2F
3-2: Base on Balls
Batting: LHB Tony Kemp 0-0: Foul Ball, location: 2F
0-1: Foul Ball, location: 2F
0-2: Ball
1-2: Foul Ball, location: 2F
1-2: Fly out, F9 (Flyball, 89S, EV 87.5 MPH)
Batting: LHB Scooter Gennett 0-0: Ball
1-0: Called Strike
1-1: Foul Ball, location: 2F
1-2: Ball
2-2: Strikes out swinging
Batting: LHB Willie Calhoun 0-0: Called Strike
0-1: Swinging Strike
0-2: Strikes out looking
Bottom of the 7th over - 0 runs, 0 hits, 0 errors, 1 left on base; Toronto 4 - New York 2
TOP OF THE 8TH
Toronto Blue Jays batting - Pitching for New York Yankees : RHP Kyle Zimmer
Pitching: LHP Josh Hader
Batting: RHB Elvis Andrus 0-0: Ball
1-0: Called Strike
1-1: Called Strike
1-2: Strikes out swinging
Batting: RHB Jorge Soler 0-0: Called Strike
0-1: Ball
1-1: Ball
2-1: SINGLE (Line Drive, 34D, EV 95.6 MPH)
Batting: RHB Keon Broxton 0-0: Called Strike
0-1: Foul Ball, location: 2F
0-2: Strikes out swinging
Batting: RHB Aledmys Diaz 0-0: Ball
1-0: Called Strike
1-1: Foul Ball, location: 2F
1-2: Strikes out swinging
Top of the 8th over - 0 runs, 1 hit, 0 errors, 1 left on base; Toronto 4 - New York 2
BOTTOM OF THE 8TH
New York Yankees batting - Pitching for Toronto Blue Jays : RHP Danny Barnes
Pitching: RHP Carson Smith
Batting: RHB Anthony Rendon 0-0: Called Strike
0-1: Called Strike
0-2: Ball
1-2: Fly out, F7 (Line Drive, 7, EV 91.9 MPH)
Batting: RHB Buster Posey 0-0: Ball
1-0: Foul Ball, location: 2F
1-1: Ball
2-1: Swinging Strike
2-2: Ball
3-2: Strikes out swinging
Batting: RHB Eloy Jimenez 0-0: Ground out 2-3 (Groundball, 13S, EV 73.8 MPH)
Bottom of the 8th over - 0 runs, 0 hits, 0 errors, 0 left on base; Toronto 4 - New York 2
TOP OF THE 9TH
Toronto Blue Jays batting - Pitching for New York Yankees : LHP Josh Hader
Pitching: RHP Ryan Helsley
Batting: RHB Austin Hedges 0-0: Called Strike
0-1: Ground out 5-3 (Groundball, 56, EV 106.3 MPH)
Batting: SHB Billy Hamilton 0-0: Ball
1-0: SINGLE (Line Drive, 7S, EV 106.9 MPH)
Batting: LHB Dee Gordon 0-0: Ball
1-0: SINGLE (Flyball, 8LS, EV 89.4 MPH)
Billy Hamilton to second
Batting: RHB Travis d'Arnaud 0-0: Called Strike
0-1: Foul Ball, location: 2F
0-2: Ball
1-2: SINGLE (Flyball, 34D, EV 83.8 MPH)
Billy Hamilton to third
Dee Gordon to second
Pitching: LHP Felipe Vazquez
Batting: LHB Mike Moustakas 0-0: Grounds into fielders choice 1-2 (Groundball, 34S, EV 83.8 MPH)
Dee Gordon to third
Travis d'Arnaud to second
Pitching: LHP Tyler Olson
Batting: RHB Elvis Andrus 0-0: Called Strike
0-1: Ball
1-1: Ball
2-1: Ball
3-1: Base on Balls
Dee Gordon scores
Travis d'Arnaud to third
Mike Moustakas to second
Batting: RHB Jorge Soler 0-0: Ball
1-0: Ball
2-0: Called Strike
2-1: Ball
3-1: Foul Ball, location: 2F
3-2: Foul Ball, location: 2F
3-2: Strikes out looking
Top of the 9th over - 1 run, 3 hits, 0 errors, 3 left on base; Toronto 5 - New York 2
BOTTOM OF THE 9TH
New York Yankees batting - Pitching for Toronto Blue Jays : RHP Carson Smith
Pitching: RHP Dellin Betances
Batting: RHB Jose Abreu 0-0: Foul Ball, location: 2F
0-1: Swinging Strike
0-2: Ball
1-2: Ball
2-2: Strikes out swinging
Batting: RHB Ryan Braun 0-0: Called Strike
0-1: Foul Ball, location: 2F
0-2: Ball
1-2: Ball
2-2: Ground out 6-3 (Groundball, 6M, EV 86.3 MPH)
Batting: LHB Brandon Crawford 0-0: Ball
1-0: Ball
2-0: Foul Ball, location: 2F
2-1: Foul Ball, location: 2F
2-2: Ball
3-2: Foul Ball, location: 2F
3-2: Strikes out looking
Bottom of the 9th over - 0 runs, 0 hits, 0 errors, 0 left on base; Toronto 5 - New York 2
Saturday, September 28th, 2019 - OOTP Baseball 20.6 Build 55